AoeStats
← Weini_SK

Arabia

510162056Analyzed
1v1 RM · 1d ago on Sep 29, 2026· 54m 18s· 2 players
Game mode
Random Map
Map size
Tiny (2 player)
Population
200
Speed
Normal
Resources
Standard
Victory
Conquest
Starting age
Dark Age
Ending age
Imperial Age
RankedLock teamsTeams togetherTeam positionsShared explorationLock speedFull tech treeHidden civsTurbo modeCheats
Victory
Defeat
🇫🇷 Chinese · France
887
+16
🇸🇰 Teutons · Slovakia
896
-45
skientific
1:32 Loom
10:40 Feudal Age
11:44 Double-Bit Axe
16:24 Horse Collar
17:04 Fletching
17:58 Padded Archer Armor
22:15 Castle Age
21:39 Gold Mining
23:19 Bow Saw
23:11 Heavy Plow
27:54 Wheelbarrow
27:04 Town Watch
31:58 Hand Cart
34:42 Imperial Age
32:45 Stone Mining
36:11 Leather Archer Armor
35:52 Bodkin Arrow
36:04 Scale Barding Armor
36:10 Forging
36:54 Thumb Ring
37:22 Bloodlines
37:13 Husbandry
36:34 Light Cavalry
36:45 Elite Chu Ko Nu
37:47 Conscription
38:43 Chain Barding Armor
38:24 Bracer
39:44 Two-Man Saw
39:28 Gold Shaft Mining
40:36 Iron Casting
40:33 Ring Archer Armor
40:38 Plate Barding Armor
44:41 Blast Furnace
49:03 Ballistics
Weini_SK
12:58 Feudal Age
13:23 Horse Collar
13:30 Double-Bit Axe
16:07 Stone Mining
16:11 Gold Mining
17:50 Arson
32:56 Wheelbarrow
32:08 Loom
35:02 Castle Age
34:01 Padded Archer Armor
33:51 Fletching
34:12 Forging
34:02 Scale Mail Armor
37:09 Leather Archer Armor
36:30 Elite Skirmisher
37:15 Heavy Plow
37:48 Squires
37:09 Pikeman
38:42 Bodkin Arrow
40:52 Town Watch
42:03 Stone Shaft Mining
43:42 Gambesons
44:31 Chain Mail Armor
45:39 Crossbowman
48:16 Hand Cart
51:07 Forging
Connection lost

Rejoining the realm…

Still unreachable

The connection could not be restored.

Session expired

The server has moved on; the page needs a fresh start.